 Dungeon Sprint DCSS version 0.26-a0-1033-gd598b01645 (webtiles) character file.

Game seed: 8651547471968364931

57 mhtbhm the Charlatan (level 3, -5/33 HPs)
             Began as a Troll Artificer on Dec 10, 2020.
             Killed from afar by a white imp (11 damage)
             ... with a puff of frost
             ... in the Dungeon (Sprint IX: "|||||||||||||||||||||||||||||").
             The game lasted 00:00:20 (159 turns).

mhtbhm the Charlatan (Troll Artificer)               Turns: 159, Time: 00:00:21

Health: -5/33      AC:  6    Str: 21    XL:     3   Next: 73%
Magic:  2/2        EV: 11    Int:  7    God:
Gold:   0          SH:  0    Dex: 10    Spells: 2/2 levels left

rFire    . . .     SeeInvis .   a - +0 club
rCold    . . .     Faith    .   (no shield)
rNeg     . . .     Spirit   .   b - +0 robe
rPois    .         Reflect  .   (helmet restricted)
rElec    .         Harm     .   (no cloak)
rCorr    .         Rampage  .   (gloves unavailable)
Will     .....     NoTele   +   (boots unavailable)
Stlth    +.........             (no amulet)
HPRegen  0.51/turn              (no ring)
MPRegen  0.08/turn              (no ring)

@: berserk cooldown, slowed, very slow
A: large, unfitting armour, claws 3, regeneration 1, shaggy fur 1, tough skin 3
a: no special abilities


You were in the Dungeon.
You visited 1 branch

Inventory:

Hand Weapons
 a - a +0 club (weapon)
Armour
 b - a +0 robe (worn)
Wands
 c - a wand of flame (15) (quivered)
 d - a wand of enslavement (15)
 e - a wand of random effects (15)
Scrolls
 k - a scroll of blinking
Potions
 h - a potion of haste
 i - 2 potions of magic


   Skills:
 + Level 1.4 Fighting
 + Level 2.1 Maces & Flails
 + Level 3.8 Dodging
 + Level 0.6 Stealth
 + Level 4.5 Evocations


You had 2 spell levels left.
You didn't know any spells.
Your spell library was empty.

Dungeon Overview and Level Annotations

Branches:
Dungeon (1/1)

Altars:


Innate Abilities, Weirdness & Mutations

You are too large for most types of armour.
You have claws for hands.
Your natural rate of healing is unusually fast.
You are covered in fur. (AC +1)
You have extremely tough skin. (AC +3)


Message History

You feel much better. The white imp gestures at you.
The puff of frost hits you!
Okay, then.
You closely miss the white imp.
The white imp is heavily wounded.
The white imp gestures at you. The puff of frost hits you.
The white imp hits you. The white imp freezes you.
* * * LOW HITPOINT WARNING * * *
You closely miss the white imp.
The white imp is heavily wounded.
The white imp gestures at you. The puff of frost hits you.
* * * LOW HITPOINT WARNING * * *
The white imp hits you but does no damage.
You hit the white imp but do no damage.
The white imp is heavily wounded.
The white imp gestures at you. The puff of frost hits you!
You die...

▓+▓
▓.▓
▓Z▓
▓c▓
▓{▓
▓5▓
▓@▓
▓.▓
▓.▓
▓.▓
▓(▓
▓†▓
▓(▓
▓.▓
▓.▓


You could see a centaur, a white imp and an adder skeleton.

Vanquished Creatures
  A scorpion (D)
  A giant cockroach (D)
  A goblin (D)
  A kobold (D)
  2 frilled lizards (D)
6 creatures vanquished.

Notes
Turn   | Place    | Note
-------+----------+-------------------------------------------
     0 | D        | mhtbhm the Troll Artificer began the quest for the Orb.
     0 | D        | Reached XP level 1. HP: 18/18 MP: 0/0
    30 | D        | Reached skill level 3 in Evocations
   138 | D        | Noticed a centaur
   138 | D        | Noticed an orc wizard
   138 | D        | Noticed a scorpion
   145 | D        | Killed a scorpion
   146 | D        | Reached skill level 1 in Fighting
   146 | D        | Reached skill level 4 in Evocations
   146 | D        | Reached XP level 2. HP: 9/27 MP: 1/1
   146 | D        | Reached XP level 3. HP: 11/33 MP: 2/2
   159 | D        | Killed from afar by a white imp

Illustrated notes

Levels and vault maps discovered:
D:        linesprint [early_d, line_temple, items_1, d_10, items_2, lair_1,
          lair_end, items_3, orc_1, orc_end, items_4, d_15, swamp_1, shoals_1,
          snake_1, spider_1, d_20, vaults_1, items_5, swamp_end, shoals_end,
          snake_end, spider_end, vaults_end, d_27, items_6, zot_1, zot_end,
          crypt_end, forest_end, elf_end, slime_end, tomb_end, abyss_end,
          pan_hell_end]

Skill      XL: |  1 |
---------------+----+-----
Dodging        | 3 |  3.8
Evocations     | 4 |  4.5
Fighting       | 1 |  1.4
Maces & Flails | 2 |  2.1
Stealth        | |  0.6

Action                   || total
-------------------------++-------
Melee: Club              ||    44
  Use: Potion            ||     3
Armor: Robe              ||    20
Dodge: Dodged            ||    21

Table legend: (Time is in decaauts)
 A = Elapsed time spent in this place.
 B = Non-inter-level travel time spent in this place.
 C = Inter-level travel time spent in this place.
 D = Time resting spent in this place.
 E = Time spent auto-exploring this place.
 F = Levels seen in this place.
 G = Mean time per level.
                   A        B        C        D        E       F      G
               +--------+--------+--------+--------+--------+-----+--------+
         Total |    167 |    167 |      0 |    100 |      0 |   1 |  167.0 |
       Dungeon |    167 |    167 |      0 |    100 |      0 |   1 |  167.0 |
               +--------+--------+--------+--------+--------+-----+--------+

Top non-repeatable levels by time:
       D: 167 daAuts
